 Dungeon Crawl Stone Soup version 0.20-a0-449-g96be121 (webtiles) character file.

4361 Amnesiac the Jinx (level 10, -2/63 HPs)
             Began as a Mummy Enchanter on Jan 8, 2017.
             Was an Initiate of Gozag.
             Slain by Erolcha
             ... wielding a +0 giant club
              (4 damage)
             ... while paralysed by Erolcha
             ... on level 9 of the Dungeon.
             The game lasted 00:17:42 (9635 turns).

Amnesiac the Jinx (Mummy Enchanter)                 Turns: 9635, Time: 00:17:43

Health: -2/63      AC: 15    Str: 12    XL:     10   Next: 12%
Magic:  0/24       EV:  2    Int: 15    God:    Gozag
Gold:   772        SH:  0    Dex: 15    Spells: 20/29 levels left

rFire  . . .     SeeInvis .     z - +5 quick blade (venom)
rCold  . . .     Gourm    .     l - +1 pearl dragon scales
rNeg   + + +     Faith    +     (no shield)
rPois  ∞         Spirit   .     m - +0 helmet
rElec  .         Reflect  .     (no cloak)
rCorr  .         Harm     .     f - +2 pair of gloves
MR     +....                    (no boots)
Stlth  +.........               j - amulet of faith
                                E - +5 ring of evasion
                                k - ring of fire

@: paralysed
A: no food or potions, fire vulnerability, cold resistance 1, negative energy
resistance 3, torment resistance, unbreathing
a: Potion Petition, Call Merchant, Bribe Branch, Renounce Religion


You were on level 9 of the Dungeon.
You worshipped Gozag.
Gozag was pleased with you.
You were not hungry.

You visited 2 branches of the dungeon, and saw 10 of its levels.

You collected 1431 gold pieces.
You spent 567 gold pieces at shops.
You paid 92 gold pieces to Gozag.

Inventory:

Hand Weapons
 z - a +5 quick blade of venom (weapon)
Missiles
 B - a throwing net (quivered)
Armour
 f - a +2 pair of gloves (worn)
 l - +1 pearl dragon scales (worn)
 m - a +0 helmet (worn)
 r - a +0 buckler
Jewellery
 i - an uncursed ring of teleportation
 j - an amulet of faith (around neck)
 k - a ring of fire (left hand)
 E - a +5 ring of evasion (right hand)
Wands
 b - a wand of lightning (11/15)
 g - a wand of lightning (6/15)
 h - a wand of confusion (30/48)
 n - a wand of acid (11/15)
 w - a wand of polymorph (18/24)
 C - a wand of lightning (6/15)
Scrolls
 a - a scroll of enchant armour
 o - 5 scrolls of teleportation
 p - 4 scrolls of remove curse
 x - 2 scrolls of blinking
 A - a scroll of fog
 D - 2 scrolls of recharging
Books
 c - a book of Maledictions

   Spells                             Type                      Level
   a - Corona                         Hexes                        1
   b - Ensorcelled Hibernation        Hexes/Ice                    2
   c - Confuse                        Hexes                        3
   d - Tukima's Dance                 Hexes                        3
   e - Dazzling Spray                 Conjuration/Hexes            3
 s - a book of Callings

   Spells                             Type                      Level
   a - Summon Small Mammal            Summoning                    1
   b - Call Imp                       Summoning                    2
   c - Call Canine Familiar           Summoning                    3
   d - Summon Guardian Golem          Hexes/Summoning              3
   e - Summon Lightning Spire         Summoning/Air                4
   f - Summon Ice Beast               Ice/Summoning                4


   Skills:
 - Level 4.0 Short Blades
 - Level 1.5 Dodging
 - Level 4.0 Stealth
 + Level 1.9 Shields
 - Level 10.0 Spellcasting
 - Level 10.0 Hexes


You had 20 spell levels left.
You knew the following spells:

 Your Spells              Type           Power        Failure   Level  Hunger
e - Confuse               Hex            #####...     4%          3    N/A
f - Corona                Hex            #####..      1%          1    N/A
w - Tukima's Dance        Hex            #####...     4%          3    N/A
z - Ensorcelled Hibernat  Hex/Ice        ###...       17%         2    N/A

Dungeon Overview and Level Annotations

Branches:
Dungeon (9/15)             Temple (1/1) D:4            Lair (0/6) D:8
    Orc: D:9-12

Altars:
Dithmenos
Elyvilon
Fedhas
Gozag
Hepliaklqana
Qazlal
Trog
Uskayaw
Vehumet
Yredelemnul
Zin

Shops:
D:9 (

Annotations:
D:9 Erolcha


Innate Abilities, Weirdness & Mutations

You do not eat or drink.
Your flesh is vulnerable to fire.
You are immune to poison.
Your flesh is cold resistant. (rC+)
You are immune to negative energy. (rN+++)
You are immune to unholy pain and torment.
You can survive without breathing.


Message History

You suddenly lose the ability to move!
The two-headed ogre hits you with a giant club!!
* * * LOW HITPOINT WARNING * * *
The two-headed ogre completely misses you.
The eye of draining gazes at you.
You feel your power leaking away. Erolcha hits you with a giant club.
* * * LOW HITPOINT WARNING * * *
The two-headed ogre completely misses you.
The two-headed ogre hits you with a giant spiked club!
* * * LOW HITPOINT WARNING * * *
Erolcha casts a spell at you.
You shrug off the repeated paralysis!
The two-headed ogre hits you with a giant club.
* * * LOW HITPOINT WARNING * * *
The two-headed ogre hits you but does no damage.
The eye of draining gazes at you. Erolcha hits you with a giant club.
You die...
Your body crumbles into a pile of gold.

.....#..# ######.## #..# ##
#.## ... #.# .... #.# .....
#)##########
......##########)..........
......'.GO@O.....##########
......######.##.## .....
#....#.# .... #.##8#.## ...
#.##.#..# .. #.8.∩.8.# .
####.#.## #8#.# #.#.#


You could see a two-headed ogre, Erolcha and an eye of draining.

Vanquished Creatures
  Pikel (D:7)
  The ghost of asdu the Carver, a novice BaBe of Trog (D:6)
  A troll (D:7)
  3 yaks (D:7)
  4 orc warriors
  2 ice beasts
  2 sky beasts
  A slave (D:7)
  A phantom (D:6)
  An ogre (D:7)
  2 wolves (D:7)
  3 centaurs
  2 big kobolds
  2 bullfrogs (D:6)
  2 scorpions
  A wight (D:6)
  An electric eel (D:8)
  A bullfrog zombie (D:5)
  3 crimson imps
  2 centaur zombies
  A quasit (D:9)
  4 orc priests
  A centaur skeleton (D:5)
  7 hounds
  3 orc wizards
  A bullfrog skeleton (D:8)
  2 iguanas
  7 worker ants
  2 killer bee zombies
  A hound zombie (D:4)
  Robin (D:4)
  2 howler monkey skeletons
  8 adders
  3 shadow imps
  An ooze (D:6)
  5 worms
  3 dart slugs
  4 leopard geckos
  22 orcs
  3 ball pythons (D:3)
  5 giant cockroaches
  14 goblins
  9 hobgoblins
  14 jackals
  25 kobolds
  A quokka (D:3)
  6 bats
  7 frilled lizards
  A leopard gecko skeleton (D:5)
  7 rats
206 creatures vanquished.

Vanquished Creatures (others)
  A dancing weapon (D:6)
  3 slaves (D:7)
4 creatures vanquished.

Grand Total: 210 creatures vanquished

Notes
Turn   | Place    | Note
-------+----------+-------------------------------------------
     0 | D:1      | Amnesiac the Mummy Enchanter began the quest for the Orb.
     0 | D:1      | Reached XP level 1. HP: 13/13 MP: 4/4
   197 | D:1      | Reached skill level 1 in Short Blades
   310 | D:1      | Reached XP level 2. HP: 19/19 MP: 4/6
   314 | D:1      | Learned a level 2 spell: Ensorcelled Hibernation
   836 | D:2      | Reached XP level 3. HP: 22/24 MP: 6/8
   841 | D:2      | Learned a level 3 spell: Confuse
   845 | D:2      | Learned a level 3 spell: Tukima's Dance
  1275 | D:4      | Reached XP level 4. HP: 27/30 MP: 10/10
  1462 | D:4      | Noticed a phantom
  1467 | D:5      | Entered Level 5 of the Dungeon
  1812 | D:5      | Reached XP level 5. HP: 31/35 MP: 5/11
  1858 | D:5      | Got an ichor-stained great mace
  1876 | D:5      | Identified the cursed +1 great mace of Secleoje {antimagic, +Fly rPois} (You found it on level 5 of the Dungeon)
  2150 | D:5      | Reached XP level 6. HP: 29/41 MP: 9/12
  2752 | D:5      | Reached skill level 5 in Hexes
  3604 | D:4      | Found a staircase to the Ecumenical Temple.
  3608 | Temple   | Entered the Ecumenical Temple
  3710 | Temple   | Became a worshipper of Gozag Ym Sagoz the Greedy
  3765 | D:4      | Noticed Robin
  3793 | D:4      | Killed Robin
  3970 | D:3      | Reached skill level 5 in Spellcasting
  4298 | D:3      | Reached XP level 7. HP: 46/46 MP: 15/15
  6983 | D:6      | Noticed asdu's ghost (novice BaBe)
  7044 | D:6      | Killed asdu's ghost
  7044 | D:6      | Reached XP level 8. HP: 35/52 MP: 3/17
  7738 | D:7      | Noticed Pikel
  7763 | D:7      | Killed Pikel
  7763 | D:7      | Reached XP level 9. HP: 57/57 MP: 9/18
  8109 | D:7      | Reached skill level 10 in Hexes
  8833 | D:8      | Noticed a troll
  8857 | D:7      | Killed a troll
  9148 | D:8      | Reached XP level 10. HP: 57/63 MP: 23/23
  9202 | D:8      | Found a staircase to the Lair.
  9361 | D:9      | Reached skill level 10 in Spellcasting
  9382 | D:9      | Found Riesh's Antique Weapon Shop.
  9392 | D:9      | Bought a glowing quick blade for 567 gold pieces
  9494 | D:9      | Reached skill level 1 in Shields
  9615 | D:9      | Noticed Erolcha
  9615 | D:9      | Noticed a two-headed ogre
  9632 | D:9      | Paralysed by Erolcha for 3 turns
  9635 | D:9      | HP: 2/63 [two-headed ogre/giant club (5)]
  9635 | D:9      | Slain by Erolcha

Vault maps used:
D:1:      minmay_arrival_hallway, minmay_misc_feat_cross, corner_web_ring,
          minmay_misc_feat_four_crosses
D:2:      first_bread, minivault_5, st_stairs_13
D:3:      kb_forest_paths
D:4:      uniq_robin
D:5:      minmay_crystal_water
D:6:      minmay_cornered_nines
D:7:      grunt_decor_arrowhead, grunt_ogre_cave, minmay_misc_feat_hallway,
          uniq_pikel
D:8:      erik_lair_island
D:9:      serial_shops, nicolae_shop_statue_plus, basic_altar, tgw_sif,
          uniq_erolcha
Temple:   roderic_octagonal_lattice_temple

Skill      XL: |  1  2  3  4  5  6  7  8  9 10 |
---------------+-------------------------------+-----
Short Blades   | 1 3 4 |  4.0
Hexes          | 3 4 5 6 8 10 | 10.0
Spellcasting   | 3 4 5 6 9 10 | 10.0
Stealth        | 3 4 |  4.0
Shields        | 1 |  1.9
Dodging        | |  1.5

Action                   |  1- 3 |  4- 6 |  7- 9 | 10-12 || total
-------------------------+-------+-------+-------+-------++-------
Melee: Dagger            |   158 |   444 |   644 |    57 ||  1303
       Quick blade       |       |       |       |    61 ||    61
 Cast: Corona            |    13 |    13 |       |       ||    26
       Confuse           |       |     5 |    27 |     9 ||    41
       Tukima's Dance    |       |       |     1 |       ||     1
       Ensorcelled Hiber |       |       |     4 |       ||     4
  Use: Scroll            |       |    11 |     2 |     6 ||    19
 Stab: Sleeping          |     4 |     1 |     3 |       ||     8
       Distracted        |     1 |       |     2 |     1 ||     4
       Confused          |       |     2 |    17 |     3 ||    22
Armor: Robe              |    40 |       |       |       ||    40
       Pearl dragon scal |    25 |   308 |   383 |    50 ||   766
Dodge: Dodged            |   105 |   174 |   267 |    71 ||   617
